[Event "Titled Tuesday Blitz June 29 2021"]
[White "DenLaz"]
[Black "DLR7"]
[WhiteElo "2840"]
[BlackElo "2619"]
[Result "1-0"]
[Round "07"]
[TimeControl "180+1"]
[Date "2021.06.29"]
[WhiteClock "0:00:07"]
[BlackClock "0:00:40"]

1. d4 Nf6 2. c4 e6 3. Nf3 Bb4+ 4. Bd2 Qe7 5. g3 O-O 6. Bg2 Bxd2+ 7. Qxd2 d5 8. O-O Rd8 9. Qc2 b6 10. Rc1 c6 11. Nbd2 Nbd7 12. e4 dxe4 13. Nxe4 c5 14. Nxf6+ Nxf6 15. Re1 cxd4 16. Nxd4 Bb7 17. Bxb7 Qxb7 18. Rad1 Rac8 19. Qe2 h6 20. b3 Rd7 21. Qf3 Qxf3 22. Nxf3 Rcd8 23. Rxd7 Rxd7 24. Kf1 a5 25. Ke2 Ne4 26. Rc1 f6 27. Rc2 Kf7 28. Ke3 Nd6 29. Rd2 e5 30. g4 Ke6 31. h4 h5 32. gxh5 Rd8 33. Rd5 Nf5+ 34. Ke4 Nd6+ 35. Ke3 Rh8 36. Ke2 Rxh5 37. Nd4+ Ke7 38. Nc6+ Kd7 39. Nb8+ Ke6 40. Na6 Rxh4 41. Nc7+ Ke7 42. c5 bxc5 43. Rxc5 Re4+ 44. Kf1 Rf4 45. Nd5+ Ke6 46. Nxf4+ exf4 47. Rxa5 g5 48. Ra6 Ke5 49. b4 g4 50. b5 Kd5 51. b6 Nb7 52. a4 Kc6 53. a5 f5 54. Ra7 f3 55. a6 Nc5 56. b7 Kc7 57. Ra8 Nxb7 58. axb7 Kxb7 59. Rf8 Kc6 60. Rxf5 g3 61. fxg3 1-0


[Site "https://www.chess.com"]

[Event "Titled Tuesday Blitz June 29 2021"]
[White "DianaLomaia1"]
[Black "ZverevLev"]
[WhiteElo "2369"]
[BlackElo "2536"]
[Result "1-0"]
[Round "07"]
[TimeControl "180+1"]
[Date "2021.06.29"]
[WhiteClock "0:00:08"]
[BlackClock "0:00:04"]

1. d4 f5 2. g3 Nf6 3. Bg2 g6 4. Nf3 Bg7 5. c4 O-O 6. O-O d6 7. Nc3 Nbd7 8. Re1 e5 9. e4 fxe4 10. Nxe4 Nxe4 11. Rxe4 Nf6 12. Rh4 Bg4 13. h3 Bxf3 14. Qxf3 g5 15. Bxg5 Qe8 16. dxe5 Qxe5 17. Bxf6 Rxf6 18. Qxb7 Raf8 19. Qd5+ Qxd5 20. Bxd5+ Kh8 21. Rf1 Bh6 22. Re4 Rf5 23. Re7 Bg7 24. f4 Bxb2 25. Rxc7 Bd4+ 26. Kg2 Re8 27. Bf3 Ra5 28. h4 Rxa2+ 29. Kh3 Ra3 30. Bd5 a5 31. f5 Bf6 32. Rf3 Rxf3 33. Bxf3 Re3 34. Kg4 Re7 35. Rc8+ Kg7 36. h5 Bc3 37. Bd5 Kh6 38. Rc6 Be5 39. f6 Bxf6 40. Rxd6 Kg7 41. h6+ Kg6 42. c5 a4 43. c6 a3 44. Kf4 Ra7 45. Be4+ Kf7 46. Bd5+ Kg6 47. Be4+ Kxh6 48. Rxf6+ Kg7 49. Rd6 a2 50. Rd7+ Rxd7 51. cxd7 a1=Q 52. d8=Q Qc1+ 53. Kg4 Qc5 54. Qg5+ Qxg5+ 55. Kxg5 h6+ 56. Kh5 Kh8 57. Kxh6 Kg8 58. g4 Kh8 59. g5 Kg8 60. g6 Kh8 61. g7+ Kg8 62. Bd5# 1-0


[Site "https://www.chess.com"]

[Event "Titled Tuesday Blitz June 29 2021"]
[White "Duhless"]
[Black "GOGIEFF"]
[WhiteElo "3071"]
[BlackElo "3003"]
[Result "1-0"]
[Round "07"]
[TimeControl "180+1"]
[Date "2021.06.29"]
[WhiteClock "0:00:09"]
[BlackClock "0:00:12"]

1. d4 Nf6 2. Nf3 e6 3. c4 d5 4. g3 Bb4+ 5. Nbd2 O-O 6. Bg2 dxc4 7. Qc2 a5 8. a3 Be7 9. Nxc4 b5 10. Nce5 Bb7 11. Bg5 Be4 12. Qd2 h6 13. Bxf6 Bxf6 14. Qf4 Qd5 15. O-O c5 16. Rfd1 c4 17. a4 Na6 18. axb5 Nb4 19. Nxc4 Bxf3 20. Ne3 Bxg2 21. Nxd5 Bxd5 22. e4 Bb3 23. Rd2 Bg5 24. Qf3 Bxd2 25. Qxb3 Rfd8 26. d5 exd5 27. e5 Rab8 28. Rxa5 d4 29. Ra7 Nd5 30. Qf3 f6 31. Qg4 Bg5 32. h4 d3 33. hxg5 f5 34. Qxf5 d2 35. Qf7+ 1-0


[Site "https://www.chess.com"]

[Event "Titled Tuesday Blitz June 29 2021"]
[White "ErikRonka"]
[Black "Witik"]
[WhiteElo "2487"]
[BlackElo "2663"]
[Result "1-0"]
[Round "07"]
[TimeControl "180+1"]
[Date "2021.06.29"]
[WhiteClock "0:00:18"]
[BlackClock "0:00:03"]

1. e4 c6 2. d4 d5 3. exd5 cxd5 4. Bd3 Nc6 5. c3 Qc7 6. h3 g6 7. Qc2 Bh6 8. Bxh6 Nxh6 9. Qd2 Bf5 10. Bb5 Ng8 11. g4 Bd7 12. Qe3 h5 13. g5 e6 14. Nf3 Nge7 15. Nbd2 Nf5 16. Qe2 Qf4 17. Bxc6 Bxc6 18. Rg1 a6 19. Ne5 Bb5 20. Qf3 Qxf3 21. Ndxf3 Ke7 22. Kd2 Rhc8 23. a4 Be8 24. Ne1 Nd6 25. N1d3 Rab8 26. Nc5 a5 27. b3 b6 28. Ncd3 Ne4+ 29. Ke3 Rxc3 30. f3 Nd6 31. Kd2 Rxb3 32. Rgb1 Rxb1 33. Rxb1 Bxa4 34. Nc5 Bb5 35. Nb3 Rc8 36. Nc1 Ba4 37. Ned3 Nc4+ 38. Ke2 Be8 39. Na2 b5 40. Nc5 b4 41. Nc1 e5 42. N1b3 exd4 43. Nd3 a4 44. Nxd4 b3 45. Nb4 Kd6 46. Ra1 b2 47. Rb1 a3 48. Na2 Rb8 49. Kd3 Rd8 50. Nc2 Ba4 51. Ncb4 Re8 52. Nc3 Re3+ 53. Kd4 Rxc3 54. Kxc3 a2 55. Nxa2 Ke5 56. Nb4 Kf4 57. Nxd5+ Kxf3 58. Kxc4 Kg3 59. Rxb2 Kxh3 60. Rf2 Bd7 61. Rxf7 Be6 62. Rf6 Bg4 63. Kd4 Kh4 64. Rxg6 Kg3 65. Rh6 h4 66. g6 h3 67. g7 1-0


[Site "https://www.chess.com"]

[Event "Titled Tuesday Blitz June 29 2021"]
[White "FMJoseHerrera"]
[Black "Buffy7"]
[WhiteElo "2576"]
[BlackElo "2712"]
[Result "1-0"]
[Round "07"]
[TimeControl "180+1"]
[Date "2021.06.29"]
[WhiteClock "0:00:37"]
[BlackClock "0:00:13"]

1. Nf3 c5 2. g3 Nc6 3. Bg2 d5 4. d3 g6 5. Nc3 Nf6 6. h4 Bg7 7. h5 Nxh5 8. Bg5 Nf6 9. Qd2 d4 10. Nb1 Be6 11. Na3 Bd5 12. Bh6 Bxh6 13. Qxh6 Qa5+ 14. Kf1 Qb4 15. Qc1 Qb6 16. Nc4 Qc7 17. a4 Bxc4 18. dxc4 O-O-O 19. a5 a6 20. Ne1 e5 21. Qg5 Nd7 22. Nd3 f6 23. Qh4 Qd6 24. Rb1 f5 25. b4 Nxb4 26. Nxb4 cxb4 27. Qg5 Nc5 28. Qd2 Ne4 29. Qxb4 Qxb4 30. Rxb4 Rd7 31. Rh4 Nc5 32. Bd5 h5 33. Rb6 g5 34. Rh2 h4 35. Kg2 Rdh7 36. gxh4 gxh4 37. Rf6 h3+ 38. Kf1 Rh5 39. Rf7 R8h6 40. Rg7 e4 41. Rg3 Kc7 42. Ke1 Kd6 43. Kd2 Ke5 44. Rg8 b6 45. axb6 Rxb6 46. Re8+ Kf4 47. e3+ dxe3+ 48. fxe3+ Kg3 49. Rh1 Kg2 50. Re1 h2 51. Rg8+ Kh3 52. Kc3 Rh4 53. Kd4 Nd7 54. c5 Rb4+ 55. c4 Nxc5 56. Kxc5 Rb2 57. Be6 Rf2 58. Rh1 Rg4 59. Rh8+ Kg3 60. Kd5 Rg5 61. Kd6 a5 62. c5 Rd2+ 63. Ke7 Rc2 64. Kf6 Rg4 65. Bxf5 Rf2 66. Ke5 Rg5 67. Rh3+ Kg2 68. R1xh2+ Kg1 69. Rxf2 Kxf2 70. c6 a4 71. c7 Rg8 72. c8=Q Rxc8 73. Bxc8 a3 74. Be6 1-0


[Site "https://www.chess.com"]

[Event "Titled Tuesday Blitz June 29 2021"]
[White "Fh2411"]
[Black "Kale36"]
[WhiteElo "2525"]
[BlackElo "2369"]
[Result "1-0"]
[Round "07"]
[TimeControl "180+1"]
[Date "2021.06.29"]
[WhiteClock "0:00:14"]
[BlackClock "0:00:28"]

1. d4 Nc6 2. Nf3 d6 3. Bf4 Bg4 4. Nbd2 f6 5. d5 Ne5 6. e3 Nxf3+ 7. Nxf3 e5 8. dxe6 Bxe6 9. c3 Ne7 10. Nd4 Bd7 11. Qb3 Ng6 12. Bc4 Be7 13. Qxb7 Rb8 14. Qd5 Rf8 15. O-O-O Ne5 16. Bb3 c5 17. Ne6 Bxe6 18. Qxe6 Qc8 19. Rxd6 Qxe6 20. Rxe6 Rb6 21. Rd1 c4 22. Rxb6 axb6 23. Ba4+ Kf7 24. Bxe5 fxe5 25. Bb5 Rc8 26. Kc2 Ke6 27. Bd7+ Kf6 28. Bxc8 1-0


[Site "https://www.chess.com"]

[Event "Titled Tuesday Blitz June 29 2021"]
[White "Fighter008"]
[Black "Blitzking642"]
[WhiteElo "2658"]
[BlackElo "2468"]
[Result "1-0"]
[Round "07"]
[TimeControl "180+1"]
[Date "2021.06.29"]
[WhiteClock "0:02:16"]
[BlackClock "0:01:14"]

1. e4 c5 2. Nf3 Nc6 3. Bb5 g6 4. O-O Bg7 5. c3 Nf6 6. d4 cxd4 7. cxd4 Nxe4 8. d5 Nd6 9. Na3 Nb8 10. Re1 O-O 11. Bg5 Re8 12. Qe2 Bf6 13. Bxf6 exf6 14. Qd2 a6 15. Bd3 b5 16. Qf4 Nc4 17. Bxc4 bxc4 18. Nxc4 Kg7 19. Nd6 Rxe1+ 20. Rxe1 1-0


[Site "https://www.chess.com"]

[Event "Titled Tuesday Blitz June 29 2021"]
[White "Flopezin"]
[Black "zuma2910"]
[WhiteElo "2362"]
[BlackElo "2523"]
[Result "0-1"]
[Round "07"]
[TimeControl "180+1"]
[Date "2021.06.29"]
[WhiteClock "0:01:00"]
[BlackClock "0:00:58"]

1. c4 Nf6 2. Nc3 d5 3. cxd5 Nxd5 4. e4 Nb6 5. d4 g6 6. Nf3 Bg7 7. Be3 O-O 8. Be2 Nc6 9. O-O Bg4 10. d5 Na5 11. Nd2 Bxe2 12. Qxe2 c6 13. Rac1 cxd5 14. Bxb6 axb6 15. Nxd5 Bxb2 16. Rb1 Bd4 17. Nc4 Nxc4 18. Qxc4 Bc5 19. Rfd1 Rc8 20. Nf6+ exf6 21. Rxd8 Bxf2+ 22. Kxf2 Rxc4 23. Rxf8+ Kxf8 24. Rxb6 Rxe4 25. Rxb7 Ra4 26. Rb2 f5 27. Ke3 Ke7 28. Kd3 g5 29. Kc3 Ra8 30. Rf2 Ke6 31. Kb3 f4 32. a4 Kd5 33. Kb4 Rb8+ 34. Ka5 f5 35. Ka6 Rb4 36. a5 g4 37. Ka7 Ke4 38. Re2+ Kd4 39. Rd2+ Ke3 40. Rd5 Ke4 41. Rd2 f3 42. gxf3+ gxf3 0-1


[Site "https://www.chess.com"]

[Event "Titled Tuesday Blitz June 29 2021"]
[White "GMG"]
[Black "Ajedrez_con_German"]
[WhiteElo "2634"]
[BlackElo "2505"]
[Result "1-0"]
[Round "07"]
[TimeControl "180+1"]
[Date "2021.06.29"]
[WhiteClock "0:00:10"]
[BlackClock "0:00:01"]

1. d4 d5 2. c4 c6 3. Nc3 Nf6 4. e3 a6 5. Bd3 dxc4 6. Bxc4 b5 7. Bd3 e6 8. a4 Bb7 9. Nf3 Nbd7 10. O-O Bd6 11. Qe2 O-O 12. Rd1 Qe7 13. Ng5 e5 14. Nce4 Nxe4 15. Nxe4 exd4 16. Nxd6 Qxd6 17. exd4 Rfe8 18. Qc2 Nf6 19. Bg5 h6 20. Bh4 Nd5 21. Bg3 Qe7 22. Qc5 Qxc5 23. dxc5 Nb4 24. Bf1 Rad8 25. Bd6 Bc8 26. axb5 axb5 27. f3 Be6 28. Kf2 Ra8 29. g4 Nc2 30. Rac1 Nb4 31. Rd4 Nd5 32. Rd2 Ra2 33. Bd3 Nb4 34. Bb1 Raa8 35. h3 Ba2 36. Bf5 Be6 37. Be4 Bd5 38. Bf5 Be6 39. Be4 Bd5 40. Rd4 Bxe4 41. Rxb4 Bd5 42. Rd4 Ra2 43. Rd2 Rea8 44. Kg3 Ra1 45. Rc3 R1a2 46. Rxd5 cxd5 47. Rb3 R2a5 48. Kf4 f6 49. Ke3 Kf7 50. Kd4 Ke6 51. Re3+ Kf7 52. Re7+ Kg6 53. h4 h5 54. Kxd5 Ra4 55. Re4 1-0


[Site "https://www.chess.com"]

[Event "Titled Tuesday Blitz June 29 2021"]
[White "GMKrikor"]
[Black "Sanan_Sjugirov"]
[WhiteElo "2752"]
[BlackElo "2948"]
[Result "1-0"]
[Round "07"]
[TimeControl "180+1"]
[Date "2021.06.29"]
[WhiteClock "0:00:01"]
[BlackClock "0:00:04"]

1. e4 c5 2. Nf3 d6 3. d4 cxd4 4. Nxd4 Nf6 5. Nc3 a6 6. Be3 e5 7. Nb3 Be6 8. f3 h5 9. Qd2 Nbd7 10. Nd5 Bxd5 11. exd5 g6 12. O-O-O Bg7 13. Kb1 Qc7 14. c4 b6 15. Be2 Nc5 16. Qc2 a5 17. Nd2 a4 18. h3 h4 19. Bg5 Kf8 20. Rhf1 Nfd7 21. f4 exf4 22. Rxf4 Ne5 23. Rdf1 Kg8 24. Rxh4 Rxh4 25. Bxh4 a3 26. b3 Re8 27. Re1 Ned7 28. Bf3 Rxe1+ 29. Bxe1 Qd8 30. Kc1 Qf6 31. Nb1 Qa1 32. Bb4 Bb2+ 33. Kd1 Ne5 34. Be2 Ned7 35. h4 Bf6 36. h5 Qd4+ 37. Qd2 Qe4 38. Nxa3 Qxg2 39. hxg6 Qg1+ 40. Qe1 Qxg6 41. Nc2 Qe4 42. Qf1 Bg7 43. Bd2 Qe5 44. Qg2 Qa1+ 45. Nxa1 1-0


[Site "https://www.chess.com"]

[Event "Titled Tuesday Blitz June 29 2021"]
[White "Gabrielian_Artur"]
[Black "MarcoRiehle"]
[WhiteElo "2802"]
[BlackElo "2610"]
[Result "1-0"]
[Round "07"]
[TimeControl "180+1"]
[Date "2021.06.29"]
[WhiteClock "0:00:11"]
[BlackClock "0:00:02"]

1. e4 e5 2. Nc3 Nf6 3. g3 Bc5 4. Bg2 Nc6 5. Nge2 d6 6. d3 h6 7. Na4 Bb6 8. c3 d5 9. Nxb6 axb6 10. Qc2 dxe4 11. dxe4 Be6 12. b3 Qe7 13. O-O O-O 14. h3 Rfd8 15. f4 Qc5+ 16. Kh2 Nb4 17. Qb1 Nd3 18. Qc2 Nb4 19. Qb1 Nd3 20. f5 Bc8 21. a4 Nh5 22. Rf3 Ne1 23. Rf1 Rd1 24. Qa2 Nxg2 25. Kxg2 Rxf1 26. Kxf1 Bd7 27. Qd2 Bc6 28. Ba3 Qa5 29. g4 Nf6 30. Ng3 Nxe4 31. Nxe4 Bxe4 32. Re1 Bc6 33. Bb4 Qa6+ 34. c4 f6 35. Kf2 Qa7 36. Qe3 Rd8 37. h4 Qb8 38. g5 Qc8 39. Qh3 Rd4 40. gxf6 Rf4+ 41. Ke2 Rxf5 42. Qg3 Rxf6 43. Rg1 Rf7 44. Bc3 Qf5 45. Kd2 Rd7+ 46. Kc1 Qd3 47. Qxe5 Qh7 48. Qe8# 1-0


[Site "https://www.chess.com"]

[Event "Titled Tuesday Blitz June 29 2021"]
[White "GigaQuparadze"]
[Black "Alexander_Donchenko"]
[WhiteElo "2971"]
[BlackElo "2854"]
[Result "1/2-1/2"]
[Round "07"]
[TimeControl "180+1"]
[Date "2021.06.29"]
[WhiteClock "0:01:35"]
[BlackClock "0:01:27"]

1. e4 c6 2. d4 d5 3. Nc3 dxe4 4. Nxe4 Bf5 5. Ng3 Bg6 6. h4 h6 7. Nf3 Nd7 8. h5 Bh7 9. Bd3 Bxd3 10. Qxd3 e6 11. Bf4 Qa5+ 12. Bd2 Bb4 13. c3 Be7 14. c4 Qc7 15. d5 cxd5 16. cxd5 Qd6 17. Qb5 Qb6 18. Qxb6 Nxb6 19. dxe6 fxe6 20. Ne5 Nf6 21. Ng6 Rg8 22. O-O-O Bd6 23. Rhe1 Kf7 24. Bf4 Bxf4+ 25. Nxf4 Rge8 26. Ng6 Rac8+ 27. Kb1 Nc4 28. b3 Nxh5 29. Nxh5 Kxg6 30. Nf4+ Kf5 31. Nh5 Kg6 32. Nf4+ Kf5 33. Nh5 Kg6 1/2-1/2


[Site "https://www.chess.com"]

[Event "Titled Tuesday Blitz June 29 2021"]
[White "GrafLermontov"]
[Black "Iskusnyh"]
[WhiteElo "2499"]
[BlackElo "2633"]
[Result "0-1"]
[Round "07"]
[TimeControl "180+1"]
[Date "2021.06.29"]
[WhiteClock "0:00:09"]
[BlackClock "0:00:16"]

1. d4 d5 2. Bf4 Nf6 3. e3 c5 4. c3 Nc6 5. Nf3 Qb6 6. Qb3 c4 7. Qc2 Bf5 8. Qc1 e6 9. Nbd2 h6 10. Be2 Be7 11. O-O O-O 12. h3 Rfc8 13. Ne5 Qd8 14. Bh2 b5 15. a3 a5 16. Nxc6 Rxc6 17. Bf3 b4 18. axb4 axb4 19. Re1 Rca6 20. Rxa6 Rxa6 21. Be5 Bd3 22. e4 bxc3 23. bxc3 Ra2 24. Bxf6 Bxf6 25. exd5 exd5 26. Nf1 Bh4 27. g3 Bg5 28. Qd1 Qa5 29. h4 Bf6 30. Ne3 Qxc3 31. Nxd5 Qxd4 32. Nxf6+ Qxf6 33. Re3 Ra1 34. Qxa1 Qxa1+ 35. Kg2 Qf1+ 36. Kh2 Qxf2+ 0-1


[Site "https://www.chess.com"]

[Event "Titled Tuesday Blitz June 29 2021"]
[White "Grischuk"]
[Black "dretch"]
[WhiteElo "3073"]
[BlackElo "2833"]
[Result "1-0"]
[Round "07"]
[TimeControl "180+1"]
[Date "2021.06.29"]
[WhiteClock "0:00:03"]
[BlackClock "0:00:03"]

1. e4 e6 2. d4 d5 3. e5 c5 4. c3 Nc6 5. Nf3 Bd7 6. Be2 Qb6 7. O-O Nge7 8. Na3 Nf5 9. Nc2 Be7 10. Kh1 Rc8 11. g4 Nh6 12. Rg1 cxd4 13. cxd4 Nb4 14. Nxb4 Qxb4 15. a4 O-O 16. Rg3 Kh8 17. Bxh6 gxh6 18. Rh3 Qxb2 19. Rxh6 Qc2 20. Bd3 Qxd1+ 21. Rxd1 Bxa4 22. Ra1 Bc2 23. Rxh7+ Kg8 24. Bxc2 Rxc2 25. Rh3 Rxf2 26. Rxa7 Rc8 27. Rg3 Rc1+ 28. Rg1 Rxg1+ 29. Nxg1 Rb2 30. Nf3 Kf8 31. Kg1 b5 32. Ra8+ Kg7 33. Ra7 Bb4 34. Rb7 Bc3 35. h4 b4 36. h5 b3 37. g5 Rb1+ 38. Kg2 b2 39. g6 Kh6 40. gxf7 Kg7 41. h6+ Kf8 42. h7 1-0


[Site "https://www.chess.com"]

[Event "Titled Tuesday Blitz June 29 2021"]
[White "HackingKid98"]
[Black "queen_iryna"]
[WhiteElo "2549"]
[BlackElo "2377"]
[Result "1-0"]
[Round "07"]
[TimeControl "180+1"]
[Date "2021.06.29"]
[WhiteClock "0:00:28"]
[BlackClock "0:00:28"]

1. d4 d6 2. Nf3 g6 3. g3 Bg7 4. Bg2 Bd7 5. O-O Qc8 6. e4 Bh3 7. e5 h5 8. Bg5 h4 9. Bxh4 Nc6 10. Re1 Bxg2 11. Kxg2 Qg4 12. h3 Qd7 13. Nc3 O-O-O 14. Qe2 g5 15. e6 fxe6 16. Bxg5 e5 17. h4 Nxd4 18. Nxd4 exd4 19. Nd5 Nf6 20. Nxe7+ Kb8 21. Qe6 Qxe6 22. Rxe6 Ng4 23. Rae1 Be5 24. Ng6 Rhg8 25. Bxd8 1-0


[Site "https://www.chess.com"]

[Event "Titled Tuesday Blitz June 29 2021"]
[White "Harry_Rakkel"]
[Black "MMKZH22"]
[WhiteElo "2565"]
[BlackElo "2397"]
[Result "0-1"]
[Round "07"]
[TimeControl "180+1"]
[Date "2021.06.29"]
[WhiteClock "0:00:10"]
[BlackClock "0:00:10"]

1. d4 d5 2. c4 c6 3. Nc3 Nf6 4. Nf3 dxc4 5. a4 Bf5 6. Ne5 Nbd7 7. Nxc4 Qc7 8. f3 e5 9. e4 Be6 10. Nxe5 Nxe5 11. dxe5 Qxe5 12. Be3 Rd8 13. Qc2 Nh5 14. Qf2 Bb4 15. Rc1 Nf4 16. Bxa7 O-O 17. Be3 Bb3 18. Qg3 Nd3+ 19. Bxd3 Qxg3+ 20. hxg3 Rxd3 21. Kf2 Rfd8 22. Ne2 Bxa4 23. Ra1 Bb5 24. Nf4 Rxe3 25. Kxe3 Bc5# 0-1


[Site "https://www.chess.com"]

[Event "Titled Tuesday Blitz June 29 2021"]
[White "IMTominho"]
[Black "Mr_Sinigami"]
[WhiteElo "2830"]
[BlackElo "2613"]
[Result "1-0"]
[Round "07"]
[TimeControl "180+1"]
[Date "2021.06.29"]
[WhiteClock "0:00:20"]
[BlackClock "0:00:12"]

1. d4 Nf6 2. c4 g6 3. Nc3 Bg7 4. e4 d6 5. Nf3 O-O 6. Be2 e5 7. Be3 Ng4 8. Bg5 f6 9. Bc1 Nh6 10. O-O Nf7 11. Be3 Nc6 12. c5 dxc5 13. dxe5 Ncxe5 14. Bxc5 Re8 15. Nxe5 fxe5 16. Qb3 c6 17. Bc4 Qf6 18. a4 b6 19. Be3 Be6 20. a5 Bxc4 21. Qxc4 b5 22. Qb3 a6 23. Rad1 Re7 24. Bc5 Qe6 25. Qxe6 Rxe6 26. Rd7 Bf8 27. Bxf8 Rxf8 28. Rfd1 c5 29. f3 c4 30. Ra7 Ng5 31. Rdd7 Rf7 32. Rd8+ Kg7 33. Raa8 1-0


[Site "https://www.chess.com"]

[Event "Titled Tuesday Blitz June 29 2021"]
[White "Indianlad"]
[Black "AlexOstrovskiy"]
[WhiteElo "2958"]
[BlackElo "2780"]
[Result "0-1"]
[Round "07"]
[TimeControl "180+1"]
[Date "2021.06.29"]
[WhiteClock "0:00:02"]
[BlackClock "0:00:04"]

1. Nf3 g6 2. g3 Bg7 3. Bg2 d5 4. c4 e6 5. O-O Ne7 6. d4 O-O 7. Nc3 Nbc6 8. e3 b6 9. b3 a5 10. Ba3 Ba6 11. Rc1 dxc4 12. bxc4 Bxc4 13. Re1 Nb4 14. Nd2 Bd5 15. Nxd5 exd5 16. Qb3 Qd7 17. Bb2 Rac8 18. a3 Na6 19. Bf1 Nb8 20. Bb5 c6 21. Bf1 b5 22. a4 b4 23. Qc2 Rfe8 24. Nb3 Qa7 25. Qc5 Rc7 26. Nxa5 Nd7 27. Qxa7 Rxa7 28. Nxc6 Nxc6 29. Rxc6 Rxa4 30. Rc7 Ra2 31. Rxd7 Rxb2 32. Bg2 Bf6 33. Bxd5 Re7 34. Rd8+ Kg7 35. Rb8 Bxd4 36. Rc1 Be5 37. Rb5 Bc3 38. h4 h5 39. Rd1 Rd2 40. Rxd2 Bxd2 41. Kf1 Bc3 42. Ke2 Rd7 43. e4 Re7 44. f4 Rc7 45. e5 Rd7 46. Kf3 Re7 47. g4 hxg4+ 48. Kxg4 Bd2 49. Kg3 Be1+ 50. Kh3 Rc7 51. h5 gxh5 52. f5 Bc3 53. f6+ Kg6 54. Bb3 Bd4 55. Bd5 Bxe5 56. Rxb4 Kxf6 57. Rb3 Kg6 58. Rf3 f5 59. Be6 f4 60. Bd5 Kg5 61. Kg2 Rc2+ 62. Rf2 Rc5 63. Bf3 Bd4 64. Rd2 Rc4 65. Be2 Rb4 66. Ra2 Be5 67. Ra5 Re4 68. Bf3 Re3 69. Ra8 h4 70. Rg8+ Kf6 71. Rh8 Kg5 72. Rh5+ Kf6 73. Rxh4 Rc3 74. Rh6+ Kg5 75. Rh5+ Kf6 76. Rh8 Rc2+ 77. Kh3 Ke7 78. Ra8 Bd4 79. Kg4 Rc3 80. Ra4 Bc5 81. Re4+ Kd8 82. Re5 Bd6 83. Rd5 Ke7 84. Rd1 Rc5 85. Be4 Re5 86. Bd5 Re3 87. Bf3 Re6 88. Rh1 Rg6+ 89. Kf5 Rf6+ 90. Ke4 Re6+ 91. Kd4 Be5+ 92. Kd5 Bg7 93. Rb1 Re5+ 94. Kc4 Re3 95. Bd5 Be5 96. Rb6 Rc3+ 97. Kb4 Re3 98. Re6+ Kd7 99. Kc4 f3 100. Rb6 f2 101. Bg2 Rc3+ 102. Kd5 Rg3 103. Bf1 Bc7 104. Bb5+ Kd8 105. Re6 Rg5+ 106. Kc4 Rxb5 107. Rf6 Rb2 108. Kd3 Ra2 109. Ke4 Ke7 110. Rf3 Bb6 111. Kf5 Ra5+ 112. Kg4 Re5 113. Kh3 Re1 114. Kg2 Rg1+ 115. Kh2 Ke6 116. Rf4 Rg8 117. Rf3 Ke5 118. Rf7 Ke4 119. Re7+ Kf3 120. Rf7+ Ke2 121. Re7+ Be3 122. Rd7 Rh8+ 123. Kg3 f1=Q 0-1


[Site "https://www.chess.com"]

[Event "Titled Tuesday Blitz June 29 2021"]
[White "JonahWillow"]
[Black "BlackBoarder"]
[WhiteElo "2708"]
[BlackElo "2575"]
[Result "1-0"]
[Round "07"]
[TimeControl "180+1"]
[Date "2021.06.29"]
[WhiteClock "0:00:25"]
[BlackClock "0:00:03"]

1. e4 e6 2. d3 d5 3. Nd2 Nf6 4. g3 dxe4 5. dxe4 Bc5 6. Bg2 O-O 7. Ngf3 Nc6 8. O-O e5 9. c3 a5 10. Qc2 Be6 11. Rd1 Ng4 12. Rf1 Qd7 13. Ng5 Rad8 14. h3 Nf6 15. a4 h6 16. Nxe6 Qxe6 17. b3 Nh5 18. Kh2 Ne7 19. Nc4 b6 20. Ne3 Bxe3 21. Bxe3 Nf6 22. Rad1 Nc8 23. f4 exf4 24. gxf4 Nd5 25. Bd4 Nf6 26. e5 Nd5 27. f5 Qe7 28. f6 Qe6 29. fxg7 Kxg7 30. Be4 Nce7 31. Rf6 Nxf6 32. exf6+ Kg8 33. fxe7 Qxe7 34. Rg1+ 1-0


[Site "https://www.chess.com"]

[Event "Titled Tuesday Blitz June 29 2021"]
[White "Jospem"]
[Black "OlegKrivonosov"]
[WhiteElo "2950"]
[BlackElo "2730"]
[Result "1-0"]
[Round "07"]
[TimeControl "180+1"]
[Date "2021.06.29"]
[WhiteClock "0:00:54"]
[BlackClock "0:01:01"]

1. e4 e5 2. Nf3 Nc6 3. Bb5 Nf6 4. d3 Bc5 5. c3 d5 6. Nbd2 O-O 7. O-O dxe4 8. Nxe4 Nxe4 9. dxe4 Qe7 10. Be2 a5 11. b3 Be6 12. Qc2 Rfd8 13. Rb1 h6 14. h3 Qf6 15. a3 Bb6 16. b4 axb4 17. axb4 Ne7 18. c4 c6 19. c5 Bc7 20. Kh2 Ng6 21. g3 Ra2 22. Rb2 Rxb2 23. Bxb2 h5 24. h4 Bg4 25. Ng5 Bxe2 26. Qxe2 Nf8 27. f4 Qe7 28. fxe5 Bxe5 29. Bxe5 Qxe5 30. Nxf7 1-0


[Site "https://www.chess.com"]

[Event "Titled Tuesday Blitz June 29 2021"]
[White "KarateBaby"]
[Black "Murad_Ibrahimli"]
[WhiteElo "2404"]
[BlackElo "2836"]
[Result "0-1"]
[Round "07"]
[TimeControl "180+1"]
[Date "2021.06.29"]
[WhiteClock "0:00:13"]
[BlackClock "0:00:22"]

1. Nf3 Nf6 2. c4 e6 3. Nc3 d5 4. e3 c5 5. cxd5 exd5 6. d4 Nc6 7. Bb5 Bd6 8. dxc5 Bxc5 9. O-O O-O 10. b3 Bg4 11. Bb2 Rc8 12. Rc1 Bd6 13. h3 Bh5 14. Ne2 Ne4 15. Bxc6 bxc6 16. Qd4 f6 17. Rxc6 Bh2+ 18. Nxh2 Rxc6 19. Nf4 Bf7 20. Rd1 Rc2 21. Ba3 Re8 22. Rf1 Rxa2 23. Bb2 Qb6 24. Qxb6 axb6 25. Bd4 b5 26. Nf3 Rc8 27. Nd3 Ra3 28. Rb1 Bg6 29. Nh4 Nd2 30. Nxg6 hxg6 31. Rb2 Ra1+ 32. Kh2 Nf1+ 33. Kg1 Nxe3+ 34. Kh2 Nf1+ 35. Kg1 Rd1 36. Nf4 Rxd4 37. Nxg6 Rc1 38. Ne7+ Kf7 39. Nf5 Ng3+ 0-1


[Site "https://www.chess.com"]

[Event "Titled Tuesday Blitz June 29 2021"]
[White "Kcnock2004"]
[Black "JiaHaoxiang"]
[WhiteElo "2465"]
[BlackElo "2653"]
[Result "0-1"]
[Round "07"]
[TimeControl "180+1"]
[Date "2021.06.29"]
[WhiteClock "0:00:02"]
[BlackClock "0:00:24"]

1. e4 c5 2. Nf3 e6 3. d4 cxd4 4. Nxd4 a6 5. Nc3 Qc7 6. Be2 b5 7. O-O Bb7 8. Re1 Nc6 9. Nxc6 dxc6 10. Bf1 Rd8 11. Qf3 c5 12. Bf4 Bd6 13. Bxb5+ axb5 14. Nxb5 Qb6 15. Nxd6+ Rxd6 16. Qg3 e5 17. Qxg7 exf4 18. Qxh8 Rg6 19. Rad1 f3 20. g3 Qe6 21. Qxh7 Nf6 22. Qh8+ Rg8 23. Qh4 Ba6 24. Qf4 Be2 25. Qb8+ Ke7 26. Qc7+ Kf8 27. Qxc5+ Kg7 28. Qg5+ Kh7 29. Qh4+ Kg6 30. Rd2 Rg7 31. Rdxe2 fxe2 32. Rxe2 Rh7 33. Qf4 Kg7 34. Qf5 Qa6 35. Qg5+ Kf8 36. Rd2 Rh5 37. Qf4 Kg7 38. e5 Nh7 39. Qg4+ Rg5 40. Qf4 Qxa2 41. b3 Qa1+ 42. Kg2 Rxe5 43. Rd7 Qa8+ 44. Qf3 Qe8 0-1


[Site "https://www.chess.com"]

[Event "Titled Tuesday Blitz June 29 2021"]
[White "Khamrakulov_Djurabek"]
[Black "Hikaru"]
[WhiteElo "2834"]
[BlackElo "3155"]
[Result "0-1"]
[Round "07"]
[TimeControl "180+1"]
[Date "2021.06.29"]
[WhiteClock "0:00:04"]
[BlackClock "0:00:10"]

1. e4 d5 2. exd5 Qxd5 3. d4 Nc6 4. Nf3 Bg4 5. Be2 O-O-O 6. Be3 e5 7. Nc3 Qa5 8. Nxe5 Bxe2 9. Qxe2 Nxe5 10. dxe5 Qxe5 11. O-O Nf6 12. Rad1 Bb4 13. Nb5 Bc5 14. Nc3 Rde8 15. Rfe1 Bxe3 16. Qxe3 Qxe3 17. Rxe3 Rxe3 18. fxe3 Re8 19. Rd3 Ng4 20. Nd1 f5 21. h3 Ne5 22. Rd4 g6 23. Kf2 c5 24. Rd5 b6 25. b3 Kc7 26. c4 Kc6 27. Nc3 a6 28. a4 Nd7 29. Kf3 Nf6 30. Rd3 g5 31. Nd5 Nd7 32. Rd1 h5 33. Ke2 f4 34. Kd2 fxe3+ 35. Nxe3 Nf6 36. Rf1 Rd8+ 37. Kc2 Ne4 38. Nd5 b5 39. Kd3 Nd6 40. Re1 bxc4+ 41. bxc4 Nxc4 42. Kxc4 Rxd5 43. Re6+ Rd6 44. Re5 Rd4+ 45. Kc3 Rxa4 46. Rxg5 h4 47. Rg6+ Kb5 48. Rg8 Ra3+ 49. Kb2 Re3 50. Rg4 c4 51. Rxh4 Kb4 52. Rg4 Re2+ 53. Kc1 Kb3 54. Kd1 Re5 55. Rg6 a5 56. h4 Rb5 57. g4 Kb2 0-1


[Site "https://www.chess.com"]

[Event "Titled Tuesday Blitz June 29 2021"]
[White "Koalaskakistis"]
[Black "MLev0907"]
[WhiteElo "2580"]
[BlackElo "2437"]
[Result "1-0"]
[Round "07"]
[TimeControl "180+1"]
[Date "2021.06.29"]
[WhiteClock "0:00:24"]
[BlackClock "0:00:03"]

1. Nf3 Nf6 2. g3 e6 3. Bg2 d5 4. O-O Be7 5. d3 O-O 6. Nbd2 c5 7. e4 Nc6 8. e5 Nd7 9. Re1 b5 10. Nf1 Bb7 11. h4 Qc7 12. Bf4 Rfc8 13. N1h2 a5 14. Ng5 h6 15. Qh5 hxg5 16. hxg5 Nf8 17. Ng4 Ng6 18. Kh2 Kf8 19. Bxd5 Nd4 20. Bxb7 Qxb7 21. Nf6 Qf3 22. Qh7 Qxf2+ 23. Kh1 Bxf6 24. exf6 gxf6 25. gxf6 Nf5 26. Re4 Qf3+ 27. Kg1 Ke8 28. Rxe6+ fxe6 29. Qxg6+ Kd7 30. Qf7+ Kc6 31. Qxe6+ Kb7 32. Qxf5 Rg8 33. Qd7+ Ka6 34. Qd6+ Kb7 35. Rf1 Rxg3+ 36. Bxg3 Qe3+ 37. Kg2 Rg8 38. f7 Qe2+ 39. Rf2 1-0


[Site "https://www.chess.com"]